 Dungeon Crawl Stone Soup version 0.20.1-1-g8b1a95d (webtiles) character file.

25865 Ejeck the Spear-Bearer (level 13, 0/171 HPs)
             Began as a Hill Orc Fighter on Sept 14, 2017.
             Was a High Priest of Beogh.
             Slain by a human (6 damage)
             ... on level 13 of the Dungeon.
             The game lasted 00:59:42 (14354 turns).

Ejeck the Spear-Bearer (Hill Orc Fighter)          Turns: 14354, Time: 00:59:43

Health: 0/171      AC: 26    Str: 20    XL:     13   Next: 22%
Magic:  14/14      EV:  2    Int: 13    God:    Beogh [*****.]
Gold:   1097       SH: 13    Dex: 12    Spells: 12/12 levels left

rFire    . . .     SeeInvis .   g - +4 spear (pierce)
rCold    . . .     Gourm    .   c - +0 shield
rNeg     + + +     Faith    .   (armour currently unavailable)
rPois    +         Spirit   .   (helmet currently unavailable)
rElec    .         Reflect  .   (cloak currently unavailable)
rCorr    .         Harm     .   (gloves currently unavailable)
MR       +....     NoTele   +   (boots currently unavailable)
Stlth    ++........             a - amulet of regeneration
Regen    0.8/turn               J - ring of flight
MPRegen  0.2/turn               C - ring of protection from magic

@: brilliant, tree-form (expiring)
A: walk on water, blurry vision 1, clumsy 1
a: Smiting, Recall Orcish Followers, Give Item to Named Follower, Renounce
Religion


You were on level 13 of the Dungeon.
You worshipped Beogh.
Beogh was extremely pleased with you.
You were not hungry.
You were a tree.
You visited 1 branch of the dungeon, and saw 13 of its levels.

You collected 1097 gold pieces.

Inventory:

Hand Weapons
 g - a +4 spear of piercing (weapon)
Armour
 c - a +0 shield (worn)
 e - a +1 cloak of magic resistance
 o - a +0 pair of gloves (melded)
 u - the +0 cloak "Pusidgh" (melded) {rC+ Stlth+}
   (You found it on level 6 of the Dungeon)

   It protects you from cold.
   It makes you more stealthy.
 v - a +8 chain mail of fire resistance (melded)
 z - a +2 helmet (melded)
Jewellery
 a - an amulet of regeneration (around neck)
 b - an uncursed amulet of harm
 C - a ring of protection from magic (right branch)
 D - an uncursed amulet of magic regeneration
 J - a ring of flight (left branch)
 L - an uncursed ring of magical power
 N - an uncursed ring of protection from fire
Wands
 d - a wand of clouds (2/9)
 i - a wand of iceblast (6/15)
 t - a wand of iceblast (0/15)
 y - a wand of iceblast (6/15)
 A - a wand of polymorph (8/24)
 H - a wand of flame (0/48)
 K - a wand of scattershot (5/9)
Scrolls
 l - 5 scrolls of teleportation
 m - 4 scrolls of remove curse
 p - 2 scrolls of blinking
 s - 3 scrolls of identify
 B - a scroll of fear
 F - a scroll of amnesia
 M - 2 scrolls of enchant armour
Potions
 q - 2 potions of lignification
 x - a potion of magic
Books
 r - a book of Maledictions

   Spells                             Type                      Level
   a - Corona                         Hexes                        1
   b - Ensorcelled Hibernation        Hexes/Ice                    2
   c - Confuse                        Hexes                        3
   d - Tukima's Dance                 Hexes                        3
   e - Dazzling Spray                 Conjuration/Hexes            3
 G - a book of Flames

   Spells                             Type                      Level
   a - Flame Tongue                   Conjuration/Fire             1
   b - Throw Flame                    Conjuration/Fire             2
   c - Conjure Flame                  Conjuration/Fire             3
   d - Inner Flame                    Hexes/Fire                   3
   e - Sticky Flame                   Conjuration/Fire             4
   f - Fireball                       Conjuration/Fire             5
Comestibles
 f - 3 bread rations
 h - 10 royal jellies
 k - 3 fruits
 n - 8 meat rations


   Skills:
 + Level 10.5 Fighting
   Level 2.1 Long Blades
 + Level 12.9 Polearms
 + Level 11.6 Armour
 + Level 4.4 Dodging
 + Level 2.3 Stealth
 + Level 12.5 Shields
 + Level 1.6 Invocations
 + Level 0.2 Evocations


You had 12 spell levels left.
You didn't know any spells.

Dungeon Overview and Level Annotations

Branches:
Dungeon (13/15)            Temple (0/1) D:5            Lair (0/6) D:11
    Orc (0/2) D:12
 Vaults: D:13-14

Altars:
Ashenzari
Cheibriados
Dithmenos
Elyvilon
Gozag
Kikubaaqudgha
Makhleb
Okawaru
Qazlal
Vehumet
Xom
Yredelemnul
Zin
The Shining One

Shops:
D:10 (

Annotations:
D:12 Urug


Innate Abilities, Weirdness & Mutations

You can walk on water.
((You have sharp fingernails.))
Scrolls take you a little longer to read.
You are clumsy. (Dex -2)
((Your flesh is cold resistant. (rC+)))


Message History

Your transformation is almost over.
You block the human's attack. The human hits you.
* * * LOW HITPOINT WARNING * * *
Something hits you but does no damage.
Bogric hits the vault guard simulacrum with a mace of venom!
The human completely misses you.
The vault guard simulacrum hits Bogric but does no damage.
The human barely misses you.
You block the human's attack. x2; The human hits you but does no damage.
Something hits you but does no damage.
Bogric hits the vault guard simulacrum with a mace of venom.
The human hits you but does no damage. You block the human's attack.
The human's soul is no longer bound.
You block the human's attack. The human hits you but does no damage.
You block the human's attack.
The vault guard simulacrum hits Bogric but does no damage.
Something hits you but does no damage. The human hits you but does no damage.
Bogric completely misses the vault guard simulacrum.
The human hits you but does no damage. The human hits you.
You die...

####.#############.#
...#)(...#... #.#
...#(....'.. #.#
..#..⌠..'. #.#
#########.#.....' #.#
..........#..... #.#
..........##'''## #.#
..........#.pp{.# #.#
..........'Zp♣o.# #.#
..........'†pp.Z# #.#
########..'.....# #.#
.........#....[# #.#
.........#############.#
########).......)......#
#.#########...### ....
#...# ###### #...#


You could see 5 humans, a human simulacrum, a vault guard simulacrum and the
friendly Bogric the orc knight.

Vanquished Creatures
  A vault guard (D:13)
  4 two-headed ogres
  A tengu warrior (D:10)
  2 skeletal warriors
  2 unseen horrors
  A wizard (D:13)
  Pikel (D:7)
  2 necromancers (D:13)
  2 slime creatures (D:13)
  Joseph (D:7)
  Maurice (D:8)
  2 gargoyles (D:12)
  A yaktaur (D:10)
  A tengu conjurer (D:10)
  The ghost of supermoro the Covered, an amateur MiFi (D:4)
  A troll (D:10)
  A hornet (D:8)
  A queen bee (D:9)
  Prince Ribbit (D:6)
  3 hippogriffs
  A vampire (D:13)
  A shadow (D:10)
  5 yaks
  2 wyverns
  Eustachio (D:5)
  7 humans
  2 hungry ghosts
  An acid dragon (D:13)
  3 black bears
  An orc warrior (D:8)
  An ice beast (D:10)
  An eye of draining (D:9)
  A sky beast (D:6)
  2 necrophages (D:9)
  4 ogres
  5 centaurs
  A big kobold (D:13)
  3 bullfrogs
  An elf zombie (D:9)
  2 scorpions
  A water moccasin skeleton (D:8)
  18 killer bees (D:9)
  19 wights
  6 howler monkeys
  5 crimson imps
  2 bullfrog zombies
  5 human zombies (D:9)
  2 quasits
  2 jellies
  4 orc priests
  7 hounds
  4 orc wizards
  A centaur skeleton (D:6)
  3 bullfrog skeletons
  Crazy Yiuf (D:7)
  Jessica (D:2)
  4 worker ants
  3 iguanas
  An ogre zombie (D:9)
  6 hound zombies
  A hound skeleton (D:11)
  2 mummies (D:9)
  A worker ant zombie (D:7)
  14 adders
  A river rat (D:6)
  4 shadow imps
  2 adder zombies (D:9)
  8 worms
  2 dart slugs (D:1)
  16 orcs
  A ball python (D:1)
  5 giant cockroaches
  5 hobgoblins
  8 jackals
  11 kobolds
  6 quokkas
  A ball python skeleton (D:6)
  7 bats
  4 frilled lizards
  9 goblins
  A quokka skeleton (D:5)
  12 rats
  A plant (D:1)
292 creatures vanquished.

Vanquished Creatures (collateral kills)
  A vault guard (D:13)
  Urug (D:12)
  A skeletal warrior (D:11)
  A slime creature (D:13)
  An unseen horror (D:11)
  3 cyclopes
  2 ugly things (D:11)
  A manticore (D:11)
  A centaur zombie (D:12)
  A komodo dragon (D:10)
  3 trolls
  A blink frog (shapeshifter) (D:10)
  12 yaks
  A wyvern (D:12)
  9 humans (D:13)
  A soldier ant (shapeshifter) (D:13)
  A soldier ant (D:12)
  2 black bears
  3 orc warriors
  2 sky beasts
  An eye of draining (D:11)
  A crocodile (D:11)
  2 bullfrogs (D:10)
  10 wights
  A crimson imp (D:10)
  A bullfrog zombie (D:10)
  3 hounds (D:10)
  A centaur skeleton (D:10)
  An orc priest (D:13)
  2 iguanas
  An orc wizard (D:11)
  A worker ant (D:10)
  An adder (D:10)
  A shadow imp (D:11)
  5 orcs
  2 kobolds (D:13)
82 creatures vanquished.

Vanquished Creatures (others)
  Erolcha (D:13)
  An orc warrior (D:13)
  A slave (D:7)
  An ogre (D:7)
  A wight (D:7)
  An orc wizard (D:7)
  3 orc priests
  16 orcs
  A quokka (D:6)
26 creatures vanquished.

Grand Total: 400 creatures vanquished

Notes
Turn   | Place    | Note
-------+----------+-------------------------------------------
     0 | D:1      | Ejeck the Hill Orc Fighter began the quest for the Orb.
     0 | D:1      | Reached XP level 1. HP: 19/19 MP: 1/1
   485 | D:1      | Reached XP level 2. HP: 23/27 MP: 2/2
   709 | D:1      | Reached skill level 1 in Polearms
   715 | D:1      | Reached XP level 3. HP: 33/33 MP: 3/3
  1616 | D:2      | Noticed Jessica
  1617 | D:2      | Killed Jessica
  1617 | D:2      | Reached XP level 4. HP: 40/40 MP: 4/4
  2116 | D:2      | Found a glowing golden altar of the Shining One.
  2538 | D:3      | You fall through a shaft for 3 floors!
  2549 | D:6      | Reached XP level 5. HP: 41/46 MP: 5/5
  2582 | D:6      | Noticed a black bear
  2585 | D:5      | Entered Level 5 of the Dungeon
  2585 | D:5      | Noticed a centaur
  2589 | D:5      | Killed a centaur
  2681 | D:5      | Found a staircase to the Ecumenical Temple.
  2739 | D:5      | Reached XP level 6. HP: 52/52 MP: 6/6
  2829 | D:5      | Noticed Eustachio
  2842 | D:5      | Killed Eustachio
  2842 | D:5      | Reached skill level 5 in Polearms
  2842 | D:5      | Reached XP level 7. HP: 53/60 MP: 7/7
  2887 | D:4      | Found a glowing silver altar of Zin.
  2926 | D:4      | You fall through a shaft for 2 floors!
  2934 | D:6      | Found a white marble altar of Elyvilon.
  2938 | D:6      | Noticed Prince Ribbit
  3340 | D:4      | Noticed supermoro's ghost (amateur MiFi)
  3362 | D:4      | Killed supermoro's ghost
  3362 | D:4      | Reached skill level 5 in Shields
  3377 | D:4      | Reached XP level 8. HP: 38/67 MP: 8/8
  4311 | D:4      | Found a stormy altar of Qazlal.
  4726 | D:5      | Reached skill level 5 in Armour
  5239 | D:6      | Killed Prince Ribbit
  5239 | D:6      | Reached skill level 1 in Dodging
  5362 | D:6      | Found a white marble altar of Elyvilon.
  5398 | D:6      | Reached skill level 5 in Fighting
  5413 | D:6      | Found a snail-covered altar of Cheibriados.
  5949 | D:6      | Got a warped cloak
  5950 | D:6      | Identified the +0 cloak "Pusidgh" {rC+ Stlth+} (You found it on level 6 of the Dungeon)
  5990 | D:6      | Reached XP level 9. HP: 72/74 MP: 9/9
  6162 | D:7      | Noticed Joseph
  6174 | D:7      | Reached skill level 1 in Stealth
  6202 | D:7      | Killed Joseph
  6289 | D:7      | Became a worshipper of Beogh the Brigand
  6417 | D:7      | Found an iron altar of Okawaru.
  6610 | D:7      | Noticed Pikel
  6624 | D:7      | Killed Pikel
  6956 | D:7      | Found a runed door.
  6960 | D:7      | Noticed Crazy Yiuf
  6966 | D:7      | Killed Crazy Yiuf
  7071 | D:7      | Reached XP level 10. HP: 75/83 MP: 10/10
  7553 | D:8      | Killed an unseen horror
  7553 | D:8      | Reached skill level 10 in Polearms
  7595 | D:8      | Noticed Maurice
  7627 | D:8      | Noticed a two-headed ogre
  7640 | D:8      | Killed a two-headed ogre
  7974 | D:8      | Reached * piety under Beogh
  8394 | D:8      | Killed Maurice
  9281 | D:9      | Reached XP level 11. HP: 92/93 MP: 11/11
  9304 | D:9      | Found a shattered altar of Ashenzari.
  9317 | D:9      | Found a basalt altar of Yredelemnul.
  9392 | D:9      | Reached ** piety under Beogh
  9542 | D:9      | Found an ancient bone altar of Kikubaaqudgha.
  9654 | D:9      | Found a radiant altar of Vehumet.
  9655 | D:9      | Found a burning altar of Makhleb.
  9942 | D:10     | Entered Level 10 of the Dungeon
  9978 | D:10     | Reached *** piety under Beogh
 10033 | D:10     | Noticed a tengu warrior
 10048 | D:10     | Noticed a two-headed ogre
 10059 | D:10     | Killed a tengu warrior
 10068 | D:10     | Killed a two-headed ogre
 10207 | D:10     | Found a shadowy altar of Dithmenos.
 10276 | D:10     | Found Ucemp's Weapon Shop.
 10386 | D:10     | Reached skill level 10 in Shields
 10436 | D:10     | Killed an unseen horror
 10474 | D:10     | Found an opulent altar of Gozag.
 10486 | D:10     | Gained Bogric as an ally
 10508 | D:10     | Gained mutation: Your flesh is cold resistant. (rC+) [potion of mutation]
 10508 | D:10     | Gained mutation: You are clumsy. (Dex -2) [potion of mutation]
 10508 | D:10     | Gained mutation: You have sharp fingernails. [potion of mutation]
 10788 | D:10     | Reached skill level 10 in Armour
 10864 | D:10     | Reached **** piety under Beogh
 11046 | D:11     | Found a staircase to the Lair.
 11106 | D:11     | Noticed a two-headed ogre
 11111 | D:11     | Noticed a brown ugly thing
 11117 | D:11     | Killed a two-headed ogre
 11124 | D:11     | Killed a brown ugly thing
 11141 | D:11     | Noticed a cyclops
 11161 | D:11     | Killed a cyclops
 11161 | D:11     | Reached XP level 12. HP: 66/104 MP: 12/12
 12299 | D:12     | Found a shimmering altar of Xom.
 12300 | D:12     | Found a shimmering altar of Xom.
 12300 | D:12     | Found a shimmering altar of Xom.
 12442 | D:12     | Found a shimmering altar of Xom.
 12558 | D:12     | Noticed Urug
 12570 | D:12     | Your ally died
 12581 | D:12     | Found a staircase to the Orcish Mines.
 12957 | D:13     | Reached skill level 1 in Invocations
 12966 | D:13     | Gained mutation: Scrolls take you a little longer to read. [mutagenic meat]
 13090 | D:13     | Found an opulent altar of Gozag.
 13106 | D:13     | Reached ***** piety under Beogh
 13119 | D:13     | Reached skill level 10 in Fighting
 13155 | D:13     | Noticed a two-headed ogre
 13168 | D:13     | Killed a two-headed ogre
 13584 | D:13     | Gained Berold as an ally
 13654 | D:13     | Your ally Berold died
 13809 | D:13     | Noticed Erolcha
 13818 | D:13     | Killed Erolcha
 14202 | D:13     | Reached XP level 13. HP: 104/113 MP: 14/14
 14253 | D:13     | Noticed a vault guard
 14260 | D:13     | Noticed a vault guard
 14328 | D:13     | Killed a vault guard
 14342 | D:13     | Killed a vault guard
 14349 | D:13     | HP: 6/171 [human (4)]
 14354 | D:13     | Slain by a human

Skill      XL: |  1  2  3  4  5  6  7  8  9 10 11 12 |
---------------+-------------------------------------+-----
Polearms       | 1 2 3 4 5 7 8 9 10 11 12 | 12.9
Fighting       | 4 5 6 7 9 10 | 10.5
Armour         | 4 6 7 9 10 11 | 11.6
Shields        | 4 5 6 7 9 10 12 | 12.5
Dodging        | 1 2 3 4 |  4.4
Stealth        | 1 2 |  2.3
Invocations    | 1 |  1.6
Long Blades    | |  2.1
Evocations     | |  0.2

Action                   |  1- 3 |  4- 6 |  7- 9 | 10-12 | 13-15 || total
-------------------------+-------+-------+-------+-------+-------++-------
Melee: Spear             |   113 |    97 |   424 |  1091 |   117 ||  1842
       Long sword        |     1 |       |       |       |       ||     1
Invok: Convert to Beogh  |       |       |     1 |       |       ||     1
       Recall Orcish Fol |       |       |       |     7 |       ||     7
       Smiting           |       |       |       |     1 |       ||     1
Evoke: Wand              |       |     1 |     2 |     2 |       ||     5
  Use: Scroll            |     2 |       |    15 |     9 |     4 ||    30
       Potion            |       |     4 |     4 |    11 |     6 ||    25
 Stab: Distracted        |       |       |       |     2 |       ||     2
  Eat: Bread ration      |     1 |     1 |     2 |     5 |       ||     9
       Fruit             |       |       |     6 |       |       ||     6
       Royal jelly       |       |       |       |     2 |       ||     2
       Chunk             |       |       |       |     1 |       ||     1
Armor: Scale mail        |    40 |       |       |       |       ||    40
       Chain mail        |       |    39 |   178 |   498 |    60 ||   775
       Skin              |       |       |       |       |    60 ||    60
Dodge: Dodged            |    33 |    13 |    63 |   199 |    28 ||   336
Block: Shield            |    40 |    39 |   193 |   489 |   113 ||   874
